 Dungeon Crawl Stone Soup version 0.30-a0-782-ge64f9170bb (webtiles) character file.

Game seed: 7435905486463886503

160 Leeroy the Slasher (level 5, -2/38 HPs)
             Began as a Merfolk Gladiator on Feb 25, 2023.
             Killed from afar by an orc wizard (9 damage)
             ... with a magic dart
             ... on level 4 of the Dungeon.
             The game lasted 00:03:07 (1853 turns).

Leeroy the Slasher (Merfolk Gladiator)              Turns: 1853, Time: 00:03:08

Health: -2/38      AC:  5    Str: 12    XL:     5   Next: 41%
Magic:  5/5        EV: 14    Int:  7    God:
Gold:   175        SH:  0    Dex: 18    Spells: 4/4 levels left

rFire   . . .      SeeInvis .    a - +0 long sword
rCold   . . .      Faith    .    (no shield)
rNeg    . . .      Spirit   .    b - +0 leather armour
rPois   .          Reflect  .    (helmet restricted)
rElec   .          Harm     .    f - +0 cloak
rCorr   .          Rampage  .    r - +0 pair of gloves
Will    .....                    (no boots)
Stlth   +                        (no amulet)
HPRegen 0.26/turn                (no ring)
MPRegen 0.09/turn                (no ring)

@: confused, attractive
A: (nimble swimmer 2), mertail, horns 1, weak 1, sturdy frame 1
a: no special abilities


You were on level 4 of the Dungeon.
You visited 1 branch of the dungeon, and saw 4 of its levels.

You collected 175 gold pieces.

Inventory:

Hand Weapons
 a - a +0 long sword (weapon)
Missiles
 d - 3 throwing nets
 e - a javelin
 h - 4 boomerangs (quivered)
Armour
 b - a +0 leather armour (worn)
 c - a +0 helmet
 f - a +0 cloak (worn)
 r - a +0 pair of gloves (worn)
Jewellery
 i - an amulet of the acrobat
 k - a ring of protection from fire
 q - an amulet of faith
Scrolls
 g - 3 scrolls of amnesia {unknown}
 j - 3 scrolls of enchant weapon {unknown}
 l - a scroll of teleportation {unknown}
 m - 3 scrolls of identify {unknown}
 o - a scroll of magic mapping {unknown}
 p - a scroll of poison {unknown}
 s - a scroll of silence {unknown}
Potions
 t - a potion of heal wounds {unknown}


   Skills:
 - Level 2.1 Fighting
 + Level 7.1 Long Blades
 - Level 2.0 Throwing
 - Level 4.0 Dodging


You had 4 spell levels left.
You didn't know any spells.
Your spell library contained the following spells:

 Spells                   Type           Power      Damage    Failure   Level
 Call Canine Familiar     Summ           0%         N/A       82%         3
 Ozocubu's Armour         Ice            0%         N/A       82%         3
 Portal Projectile        Hex/Tloc       0%         N/A       82%         3
 Leda's Liquefaction      Hex/Erth       0%         N/A       99%         4
 Ozocubu's Refrigeration  Ice            0%         4d7       100%        7


Dungeon Overview and Level Annotations

Branches:
Dungeon (4/15)
 Temple: D:4-7

Altars:

Shops:
D:3 [:


Innate Abilities, Weirdness & Mutations

((You are very nimble when in or above water. (Stealth+, EV+, Speed+++)))
Your lower body shifts to a powerful aquatic tail in water.
You have a pair of small horns on your head.
You are weak. (Str -2)
Your movements are slightly less encumbered by armour. (ER -2)


Message History

The giant cockroach closely misses you. The orc barely misses you.
The orc wizard casts a spell at you. The magic dart hits you.
The orc wizard hits you with a +0 dagger.
You are too injured to fight recklessly!
You are too injured to fight recklessly!
You are too injured to fight recklessly!
You are too injured to fight recklessly!
You hit the orc wizard but do no damage.
The giant cockroach bites you but does no damage.
The orc barely misses you. The orc wizard closely misses you.
The orc wizard hits you with a +0 dagger.
You barely miss the orc wizard. The giant cockroach misses you.
The orc wizard points at you and mumbles some strange words.
You are confused.
The orc hits you but does no damage.
The orc wizard hits you but does no damage.
The giant cockroach closely misses you.
You barely miss the orc. The giant cockroach closely misses you.
The orc hits you with a +0 falchion.
* * * LOW HITPOINT WARNING * * *
The orc wizard hits you with a +0 dagger.
* * * LOW HITPOINT WARNING * * *
The orc wizard barely misses you.
It was a potion of attraction.
You feel attractive to monsters. The giant cockroach barely misses you.
The orc hits you with a +0 falchion.
* * * LOW HITPOINT WARNING * * *
The orc wizard closely misses you.
The orc wizard hits you with a +0 dagger.
* * * LOW HITPOINT WARNING * * *
It was a potion of mutation.
You feel extremely strange. A pair of horns grows on your head!
Your +0 helmet falls away!
You feel weaker.
You feel less encumbered by your armour.
The giant cockroach misses you. The orc misses you.
The orc wizard casts a spell at you. The magic dart hits you!
You die...

......................#.#........
..####.##...##.######.#.#...#....
)......# ... ..######.#.#.###..#.
##...#.# ...##.................#.
# ##... .......#####.........##.
# #..# ....... #.#.....#.. . #
..# ....... ####.......#.#
.........o##.........##
........o@....###...#
......oB....# ...# ............#
.## ............# # ...#.####...#
.. #. #...# . # #...# .<###


You could see 2 orc wizards, an orc and a giant cockroach.

Vanquished Creatures
  A scorpion (D:4)
  5 adders
  2 worms
  2 dart slugs (D:4)
  An orc (D:4)
  4 bats
  7 endoplasms
  2 giant cockroaches
  6 goblins
  3 hobgoblins
  A quokka (D:2)
  A ball python (D:2)
  2 frilled lizards
  6 kobolds
  3 rats
46 creatures vanquished.

Notes
Turn   | Place    | Note
-------+----------+-------------------------------------------
     0 | D:1      | Leeroy the Merfolk Gladiator began the quest for the Orb.
     0 | D:1      | Reached XP level 1. HP: 16/16 MP: 1/1
    18 | D:1      | Reached skill level 4 in Long Blades
    54 | D:1      | Reached XP level 2. HP: 22/22 MP: 2/2
   101 | D:1      | You fall into a shaft and drop 1 floor!
   621 | D:2      | Reached XP level 3. HP: 27/27 MP: 3/3
   669 | D:2      | Reached skill level 5 in Long Blades
   874 | D:3      | Found Jaxigew's Book Emporium.
  1136 | D:3      | Reached XP level 4. HP: 32/33 MP: 4/4
  1225 | D:3      | Found Biboajy's Armour Shop.
  1285 | D:3      | Reached skill level 6 in Long Blades
  1520 | D:4      | Noticed a scorpion
  1534 | D:4      | Killed a scorpion
  1535 | D:4      | Reached XP level 5. HP: 13/38 MP: 5/5
  1543 | D:4      | HP: 2/57 [poisoned by a scorpion]
  1707 | D:4      | Reached skill level 7 in Long Blades
  1853 | D:4      | Gained mutation: You have a pair of small horns on your
                  | head. [potion of mutation]
  1853 | D:4      | Gained mutation: You are weak. (Str -2) [potion of
                  | mutation]
  1853 | D:4      | Gained mutation: Your movements are slightly less
                  | encumbered by armour. (ER -2) [potion of mutation]
  1853 | D:4      | Killed from afar by an orc wizard

Illustrated notes

Levels and vault maps discovered:
D:1:      lordsloth_arrival_two_stooges, layout_basic
D:2:      layout_basic, hangedman_decor_clover_reticule
D:3:      layout_loops_ring, serial_shops, nicolae_shop_trees, shop
D:4:      layout_basic, minmay_manual_mail

Skill      XL: |  1  2  3  4  5 |
---------------+----------------+-----
Long Blades    | 4 5 6 7 |  7.1
Fighting       | |  2.1
Throwing       | |  2.0
Dodging        | |  4.0

Action                     |  1- 3 |  4- 6 || total
---------------------------+-------+-------++-------
  Melee: Long sword        |   103 |    59 ||   162
         Punch             |       |     2 ||     2
  Throw: Boomerang         |     3 |       ||     3
    Use: Potion            |       |     4 ||     4
   Stab: Sleeping          |       |     1 ||     1
 Armour: Leather armour    |    35 |    19 ||    54
         Skin              |       |     4 ||     4
  Dodge: Dodged            |    86 |    51 ||   137

Table legend: (Time is in decaauts)
 A = Elapsed time spent in this place.
 B = Non-inter-level travel time spent in this place.
 C = Inter-level travel time spent in this place.
 D = Time resting spent in this place.
 E = Time spent auto-exploring this place.
 F = Levels seen in this place.
 G = Mean time per level.
                   A        B        C        D        E       F      G
               +--------+--------+--------+--------+--------+-----+--------+
         Total |   1873 |   1807 |     66 |    148 |   1267 |   4 |  468.2 |
       Dungeon |   1873 |   1807 |     66 |    148 |   1267 |   4 |  468.2 |
               +--------+--------+--------+--------+--------+-----+--------+

Top non-repeatable levels by time:
     D:3: 757 daAuts
     D:2: 672 daAuts
     D:4: 338 daAuts
     D:1: 104 daAuts
